 Dungeon Crawl Stone Soup version 0.20-a0-1127-g1289703 (webtiles) character file.

39 HankScorpio the Gusty (level 3, -2/19 HPs)
             Began as a Deep Elf Air Elementalist on May 19, 2017.
             Slain by a worm (7 damage)
             ... on level 2 of the Dungeon.
             The game lasted 00:02:18 (801 turns).

HankScorpio the Gusty (Deep Elf Air Elementalist)    Turns: 801, Time: 00:02:19

Health: -2/19      AC:  2    Str:  5    XL:     3   Next: 28%
Magic:  0/10       EV: 17    Int: 20    God:
Gold:   64         SH:  0    Dex: 15    Spells: 8/9 levels left

rFire    . . .     SeeInvis .   (no weapon)
rCold    . . .     Gourm    .   (no shield)
rNeg     . . .     Faith    .   a - +0 robe
rPois    .         Spirit   +   (no helmet)
rElec    .         Reflect  .   l - scarf {Spirit}
rCorr    .         Harm     .   (no gloves)
MR       +....                  (no boots)
Stlth    ++........             (no amulet)
Regen    0.1/turn               r - ring of protection from magic
MPRegen  0.2/turn               h - +4 ring of evasion

@: no status effects
A: no striking features
a: no special abilities


You were on level 2 of the Dungeon.
You were not hungry.

You visited 1 branch of the dungeon, and saw 2 of its levels.

You collected 64 gold pieces.

Inventory:

Armour
 a - a +0 robe (worn)
 l - a scarf of spirit shield (worn)
 m - a cursed +0 ring mail
Jewellery
 h - a +4 ring of evasion (right hand)
 i - a +3 ring of dexterity
 r - a ring of protection from magic (left hand)
Scrolls
 d - a scroll of teleportation {unknown}
 j - a scroll of remove curse {unknown}
 k - 2 scrolls of identify {unknown}
 n - 2 scrolls of amnesia {unknown}
 o - a scroll of magic mapping {unknown}
 p - a scroll of fog {unknown}
Potions
 e - a potion of flight {unknown}
 q - a potion of curing {unknown}
Books
 b - a book of Air

   Spells                             Type                      Level
   a - Shock                          Conjuration/Air              1
   b - Swiftness                      Charms/Air                   2
   c - Static Discharge               Conjuration/Air              3
   d - Airstrike                      Air                          4
   e - Lightning Bolt                 Conjuration/Air              5
Comestibles
 c - 2 bread rations
 f - 4 meat rations
 g - 4 fruits


   Skills:
 - Level 2.4 Dodging
 - Level 2.4 Stealth
 + Level 3.5 Spellcasting
 + Level 2.0 Conjurations
 * Level 3.8 Air Magic


You had 8 spell levels left.
You knew the following spells:

 Your Spells              Type           Power        Failure   Level  Hunger
a - Shock                 Conj/Air       ###.         4%          1    None


Dungeon Overview and Level Annotations

Branches:
Dungeon (2/15)

Altars:
Okawaru


Message History

The kobold is moderately wounded.
The kobold misses you.
You closely miss the kobold.
The kobold is moderately wounded.
The worm completely misses you. The kobold barely misses you.
You barely miss the kobold.
The kobold is moderately wounded.
The kobold closely misses you.
You completely miss the kobold.
The kobold is moderately wounded.
The worm closely misses you. The kobold hits you but does no damage.
Casting: Shock
Confirm with . or Enter, or press ? or * to list all spells.
Aiming: Shock
Press: ? - help, Shift-Dir - straight line, f - kobold, p - worm
Aim: a kobold, wielding a whip (moderately wounded)
The zap hits the kobold.
You kill the kobold!
The worm bites you!
You die...

####.♣.♣._.♣.♣.#####.#
##...♣.♣.♣.♣........#
......♣.♣.♣..†####..##
.##.....♣.♣....##.†...#
#..#...♣...#.##.....##
#............##......#
.###.######.######.....##
.............#####..†..#
.##..#####.....w@)...###
#..# #...######..## #..#
###### ##...# .... .....#
#...<# ...)# .
#...##....# .....#
....#......#########.
.....#
#..................
##..#....##########
#.....#.#


You could see a worm.

Vanquished Creatures
  An adder (D:2)
  3 dart slugs
  3 giant cockroaches
  A goblin (D:1)
  2 hobgoblins
  3 jackals (D:1)
  2 kobolds
  3 bats
  A frilled lizard (D:1)
  4 rats
23 creatures vanquished.

Notes
Turn   | Place    | Note
-------+----------+-------------------------------------------
     0 | D:1      | HankScorpio the Deep Elf Air Elementalist began the quest for the Orb.
     0 | D:1      | Reached XP level 1. HP: 10/10 MP: 6/6
   152 | D:1      | Reached XP level 2. HP: 15/15 MP: 2/8
   731 | D:2      | Reached XP level 3. HP: 19/19 MP: 1/9
   734 | D:2      | Found an iron altar of Okawaru.
   801 | D:2      | Slain by a worm

Vault maps used:
D:1:      dpeg_arrival_lava_temple_mockup, serial_glass, glass_columns_a,
          glass_columns_b, minmay_misc_feat_chi
D:2:      nicolae_overflow_hidden_temple, makhleb_blood_cavern_becter,
          okawaru_trees_2, lemuel_blue_sif_altar

Skill      XL: |  1  2 |
---------------+-------+-----
Conjurations   | 2 |  2.0
Dodging        | |  2.4
Stealth        | |  2.4
Spellcasting   | |  3.5
Air Magic      | |  3.8

Action                   || total
-------------------------++-------
Melee: Unarmed           ||    32
 Cast: Shock             ||    57
Armor: Robe              ||     5
Dodge: Dodged            ||    34
